Map: Ley Lines

Players

Spirit (souL)

  • Race: Terran Terran
  • League: Grandmaster
  • Spawn Location: 7:00

Krystianer - Winner!

  • Race: Protoss Protoss
  • League: Master
  • Spawn Location: 1:00

Event: FEL Cracov 2025

VOD

Have the link to the VOD?

Description

Time

  • Played on: July 27, 2025, 9 a.m.
  • Length: 10:47

All games in this series

Show
View Real Time Build Order
Export as new Build Order

Spirit Terran 

Build Orders:  

Get SALT Encoding   

  12  0:00  SCV  
  13  0:12  SCV  
  14  0:16  Supply Depot  
  14  0:24  SCV  
  15  0:38  SCV  
  15  0:39  Barracks  
  16  0:44  Refinery  
  16  0:50  SCV  
  17  1:02  SCV  
  18  1:14  SCV  
  19  1:26  Marine  
  19  1:27  Orbital Command  
  20  1:43  Command Center  
  20  1:50  Factory  
  20  1:52  SCV  
  21  1:58  Refinery  
  21  2:04  Barracks Reactor  
  21  2:05  SCV  
  22  2:10  Supply Depot  
  22  2:17  SCV  
  23  2:32  SCV  
  23  2:34  Hellion  
  23  2:35  Starport  
  26  2:39  Marine x2  
  29  2:44  SCV  
  29  2:58  Marine, Widow Mine  
  30  3:00  SCV  
  30  3:05  Orbital Command  
  31  3:11  Marine  
  32  3:12  SCV  
  32  3:13  Medivac  
  32  3:19  Marine  
  35  3:25  SCV  
  36  3:29  Marine  
  36  3:33  SCV  
  38  3:36  Refinery  
  38  3:37  SCV  
  38  3:39  Factory Tech Lab  
  39  3:45  SCV  
  39  3:47  Starport Tech Lab  
  40  3:49  SCV  
  40  3:53  Supply Depot  
  40  3:55  Marine  
  42  3:57  Marine, SCV  
  42  4:01  SCV  
  45  4:05  Supply Depot  
  46  4:13  Cloaking Field  
  46  4:14  Banshee  
  46  4:15  Siege Tank  
  46  4:16  SCV  
  52  4:18  SCV  
  53  4:24  Supply Depot  
  53  4:28  SCV  
  53  4:29  Marine  
  53  4:30  SCV  
  54  4:40  Engineering Bay, SCV  
  54  4:41  Marine  
  54  4:42  SCV  
  57  4:47  Marine  
  57  4:50  Siege Tank, Supply Depot  
  61  4:52  SCV  
  61  4:54  SCV  
  61  4:59  Marine  
  64  5:01  Supply Depot  
  64  5:02  Banshee  
  64  5:04  Marine  
  64  5:05  SCV  
  69  5:07  SCV  
  69  5:11  Supply Depot  
  70  5:17  Marine  
  70  5:20  SCV  
  72  5:22  Siege Tank, Marine  
  72  5:25  Missile Turret  
  76  5:29  SCV  
  76  5:34  Marine  
  78  5:38  SCV, Supply Depot  
  78  5:40  Marine  
  78  5:41  SCV  
  81  5:46  Banshee  
  84  5:50  SCV  
  84  5:52  Marine  
  84  5:54  Siege Tank, SCV  
  90  5:58  Marine  
  90  6:00  Barracks  
  91  6:05  Barracks  
  91  6:07  SCV  
  91  6:08  Refinery  
  91  6:10  Marine  
  93  6:12  SCV  
  93  6:16  Marine  
  93  6:17  Supply Depot  
  95  6:19  SCV  
  94  6:27  Siege Tank, SCV  
  94  6:28  Marine  
  94  6:32  Banshee  
  100  6:33  Marine  
  100  6:34  SCV  
  102  6:43  SCV  
  102  6:46  Marine, SCV  
  96  6:51  Marine  
  96  6:52  Barracks Tech Lab x2  
  96  6:53  Barracks  
  96  6:54  Barracks  
  96  6:55  SCV  
  96  6:58  SCV  
  96  6:59  Siege Tank  
  98  7:03  Marine  
  98  7:07  SCV  
  89  7:09  Marine  
  89  7:10  Marine  
  89  7:11  SCV  
  89  7:12  Combat Shield, Stimpack  
  89  7:14  Marine  
  78  7:21  Marine  
  76  7:26  Starport Reactor  
  76  7:27  Marine  
  76  7:28  Command Center, Marine  
  76  7:32  Marine  
  76  7:35  Supply Depot  
  74  7:39  Marine  
  69  7:45  Marine x2  
  69  7:46  Marine  
  69  7:47  Marine  
  73  7:57  Siege Tank, Marine  
  77  8:02  Marine  
  77  8:03  Marine  
  77  8:04  Medivac, Marine  
  82  8:05  Terran Infantry Weapons Level 1  
  82  8:06  Medivac  
  82  8:09  Marine x2  
  85  8:15  Marine  
  85  8:19  SCV  
  87  8:20  Marine  
  87  8:21  Marine, SCV  
  87  8:22  Marine  
  88  8:27  Marine x2  
  88  8:30  Siege Tank  
  88  8:32  Marine  
  94  8:36  Medivac  
  94  8:38  Marine  
  94  8:39  Marine  
  94  8:40  Marauder, Medivac  
  102  8:44  Marine  
  102  8:45  Marine  
  105  8:48  SCV x2  
  105  8:50  Marine  
  107  8:56  Marine  
  107  8:57  Marine  
  107  9:00  SCV  
  107  9:01  Marauder  
  107  9:02  Marine  
  112  9:03  Marauder  
  112  9:06  Medivac  
  112  9:08  Marine  
  118  9:10  Medivac  
  118  9:14  Marine  
  116  9:23  Marauder  
  117  9:24  Marauder  
  117  9:25  Orbital Command  
  117  9:26  Marine  
  117  9:30  SCV x2  
  122  9:32  Barracks Reactor, Marine, Barracks Tech Lab  
  122  9:36  Viking  
  123  9:42  SCV x2  
  123  9:44  Marauder, Marine  
  128  9:46  Marauder  
  128  9:49  Marine  
  119  9:53  Marine  
  119  9:59  Medivac  
  111  10:02  Marine  
  111  10:06  Marauder  
  100  10:07  Marine, Marauder  
  100  10:09  Siege Tank  
  100  10:10  Marine  
  103  10:15  Marine  
  103  10:19  Marine  
  96  10:23  Marine  
  96  10:24  SCV  
  96  10:25  Marine, SCV  
  89  10:28  Marine  
Show
View Real Time Build Order
Export as new Build Order

Krystianer Protoss - Winner!

Build Orders: 1 Gate Expand, Blink Stalkers 

Get SALT Encoding   

  12  0:00  Probe  
  13  0:12  Probe  
  14  0:17  Pylon  
  14  0:22  Probe  
  15  0:31  Probe  
  16  0:38  Gateway  
  16  0:39  Probe  
  16  0:45  Assimilator  
  17  0:51  Probe  
  18  1:03  Probe  
  19  1:15  Probe  
  20  1:25  Cybernetics Core  
  20  1:33  Nexus  
  20  1:34  Probe  
  21  1:41  Pylon  
  21  1:46  Probe  
  22  1:48  Assimilator  
  22  1:51  Adept  
  22  1:58  Probe  
  25  2:01  Warp Gate  
  25  2:10  Probe  
  25  2:11  Adept  
  26  2:22  Probe  
  29  2:29  Blink  
  29  2:31  Twilight Council  
  29  2:34  Probe  
  30  2:42  Stalker  
  30  2:45  Probe  
  30  2:46  Probe  
  34  2:57  Probe  
  35  2:58  Probe  
  34  3:09  Probe  
  34  3:10  Probe  
  36  3:12  Gateway  
  36  3:21  Probe  
  36  3:23  Probe, Gateway  
  38  3:32  Robotics Facility  
  38  3:33  Probe  
  37  3:35  Probe  
  38  3:45  Probe  
  38  3:46  Pylon  
  38  3:47  Probe  
  40  3:49  Stalker  
  42  3:57  Probe  
  42  3:59  Probe  
  44  4:03  Nexus  
  44  4:09  Probe  
  45  4:10  Gateway  
  45  4:13  Stalker  
  45  4:16  Probe  
  48  4:20  Assimilator  
  48  4:22  Stalker  
  48  4:23  Probe  
  51  4:25  Stalker  
  51  4:29  Probe  
  54  4:31  Pylon  
  54  4:35  Probe  
  54  4:42  Pylon  
  54  4:49  Probe x2, Observer  
  54  4:52  Stalker x2  
  61  5:00  Charge  
  61  5:02  Probe x2  
  61  5:05  Gateway  
  61  5:06  Stalker  
  65  5:07  Observer  
  65  5:11  Probe  
  65  5:14  Probe  
  68  5:15  Stalker  
  68  5:19  Probe  
  68  5:21  Probe  
  71  5:24  Gateway  
  71  5:26  Probe  
  71  5:27  Gateway  
  71  5:28  Probe  
  73  5:31  Observer  
  73  5:32  Probe  
  75  5:38  Stalker x2  
  75  5:42  Stalker  
  82  5:43  Observer  
  82  5:45  Probe  
  82  5:49  Gateway  
  81  5:50  Pylon  
  81  5:54  Pylon  
  82  5:57  Forge, Probe x2  
  82  5:58  Probe  
  82  5:59  Immortal  
  88  6:11  Pylon  
  88  6:13  Pylon, Probe  
  89  6:18  Stalker x2  
  89  6:22  Zealot x2  
  97  6:31  Stalker x2  
  101  6:36  Immortal  
  105  6:44  Zealot x4  
  105  6:45  Probe  
  104  6:48  Stalker  
  104  6:49  Probe x2  
  107  6:55  Zealot x2, Pylon  
  110  7:06  Zealot x4  
  107  7:09  Observer  
  107  7:10  Protoss Ground Weapons Level 1  
  107  7:11  Probe  
  93  7:15  Stalker x3  
  93  7:20  Probe  
  94  7:28  Stalker  
  96  7:30  Stalker  
  96  7:32  Nexus  
  96  7:33  Probe  
  93  7:44  Stalker x2, Observer  
  93  7:47  Observer  
  93  7:49  Zealot x3  
  98  7:53  Probe x2  
  98  7:55  Pylon  
  98  7:56  Pylon, Warp Prism  
  98  7:57  Photon Cannon  
  98  8:06  Zealot x2  
  98  8:08  Probe  
  98  8:09  Observer  
  105  8:15  Probe  
  105  8:18  Assimilator  
  106  8:21  Templar Archives  
  106  8:24  Probe  
  107  8:28  Zealot  
  107  8:29  Zealot x6  
  107  8:31  Psionic Storm  
  107  8:32  Assimilator  
  107  8:33  Pylon  
  119  8:45  Gateway  
  119  8:46  Gateway  
  119  8:47  Photon Cannon, Probe  
  120  8:54  Zealot x4  
  126  9:04  High Templar  
  126  9:05  Zealot x2  
  132  9:15  Zealot x4  
  132  9:24  Shield Battery  
  132  9:35  Zealot x4  
  132  9:37  Stalker x3  
  146  9:41  Probe  
  143  9:52  Zealot x2  
  135  9:57  Zealot x4  
  125  10:01  Zealot x2  
  125  10:02  Zealot  
  125  10:10  Probe  
  125  10:11  Probe  
  125  10:15  Gateway  
  125  10:16  Gateway  
  125  10:18  Pylon  
  125  10:20  Zealot x6  
  133  10:22  Zealot x3  
  133  10:24  Probe  
  132  10:42  Zealot x6  
  131  10:43  Zealot x2  
Tags
 
Add a new tag
Caveats
  • Supply blocks, unpowered buildings, or Contaminate may cause inaccurate times.
  • Supply counts are checked every 10 seconds.